 Dungeon Crawl Stone Soup version 0.30.0-10-gfe55d96785 (webtiles) character file.

Game seed: 9212217649234481745

61 monsoonserge the Slasher (level 4, -1/40 HPs)
             Began as a Meteoran Monk on May 16, 2023.
             Frozen to death by an endoplasm (5 damage)
             ... on level 2 of the Dungeon.
             The game lasted 00:03:13 (518 turns).

monsoonserge the Slasher (Meteoran Monk)             Turns: 518, Time: 00:03:14

Health: -1/40      AC:  5    Str: 12    XL:     4   Next: 51%
Magic:  5/5        EV: 12    Int: 12    God:
Gold:   82         SH:  0    Dex: 18    Spells: 3/3 levels left

rFire   + . .        a - +0 falchion
rCold   . . .        d - orb {light}
rNeg    . . .        n - +0 ring mail
rPois   .            (no helmet)
rElec   .            (no cloak)
rCorr   .            (no gloves)
SInv    .            (no boots)
Will    .....        (no amulet)
Stlth   +            m - ring of protection from fire
HPRegen 0.26/turn    (no ring)
MPRegen 0.09/turn

%: no passive effects
@: lethally poisoned (-1 -> -4), glowing
A: sense surroundings 1, otherworldly, glowing, explore regen
a: no special abilities


You were on level 2 of the Dungeon.
You visited 1 branch of the dungeon, and saw 2 of its levels.

You collected 82 gold pieces.

Inventory:

Hand Weapons
 a - a +0 falchion (weapon)
Armour
 b - a +0 robe
 d - an orb of light (worn)
 n - a +0 ring mail (worn)
Jewellery
 m - a ring of protection from fire (left hand)
Scrolls
 e - 2 scrolls of identify {unknown}
 i - 2 scrolls of poison {unknown}
 j - a scroll of immolation {unknown}
Potions
 c - a potion of ambrosia
 f - a potion of degeneration {unknown}
 g - a potion of mutation {unknown}
 h - a potion of heal wounds {unknown}
 k - a potion of lignification {unknown}
 l - a potion of curing {unknown}


   Skills:
 + Level 3.9 Fighting
 + Level 4.8 Long Blades
 + Level 0.1 Armour
 + Level 4.2 Dodging


You had 3 spell levels left.
You didn't know any spells.
Your spell library was empty.

Dungeon Overview and Level Annotations

Branches:
Dungeon (2/15) Zot: 676

Altars:

Shops:
D:1 *


Innate Abilities, Weirdness & Mutations

You passively map a small area around you.
You are easily found by Zot.
You glow in the dark.
You regain HP and MP as you explore.


Message History

The adder poisons you!
You hit the adder.
The adder is moderately wounded.
You feel sick.
The quokka bites you but does no damage.
The adder bites you.
You are more poisoned.
The adder poisons you!
You closely miss the adder.
The adder is moderately wounded.
You feel very sick. The quokka barely misses you. The adder bites you.
The quokka bites you but does no damage.
You slash the adder!
You kill the adder!
You feel sick. The endoplasm closely misses you.
The quokka twitches its whiskers.
The quokka bites you but does no damage.
You closely miss the quokka.
You feel sick. The endoplasm barely misses you. The quokka bites you.
* * * LOW HITPOINT WARNING * * *
You hit the quokka but do no damage.
You feel sick. The quokka completely misses you. The endoplasm freezes you.
You are frozen.
* * * LOW HITPOINT WARNING * * *
You hit the quokka.
You kill the quokka!
You feel sick. The endoplasm freezes you.
You are frozen.
* * * LOW HITPOINT WARNING * * *
Unknown command.
You hit the endoplasm.
The endoplasm is moderately wounded.
You feel sick. The endoplasm hits you.
* * * LOW HITPOINT WARNING * * *
The endoplasm freezes you.
You are frozen.
You die...

#### #########(...
##.....#...... ,
##.............,
#.....)........ ,
###...)..........
........J†....... *.
#......@....... ,
#.#..............
#................ *
####.............,,,>
##.....#.....# ,,
####.####.### .# ***
, #.####..## .#, ##,
#...[##..##.# ...,
####......#.# ...


You could see an endoplasm.

Vanquished Creatures
  3 adders (D:2)
  6 endoplasms
  A giant cockroach (D:1)
  3 goblins
  2 hobgoblins (D:1)
  4 kobolds
  A quokka (D:2)
  3 ball pythons
  3 bats
  A frilled lizard (D:1)
  5 rats
32 creatures vanquished.

Notes
Turn   | Place    | Note
-------+----------+-------------------------------------------
     0 | D:1      | monsoonserge the Meteoran Monk began the quest for the Orb.
     0 | D:1      | Reached XP level 1. HP: 19/19 MP: 2/2
    38 | D:1      | Reached XP level 2. HP: 9/26 MP: 3/3
   183 | D:1      | Reached XP level 3. HP: 29/31 MP: 4/4
   239 | D:1      | Found Mywkinee's Assorted Antiques.
   438 | D:2      | Reached XP level 4. HP: 40/40 MP: 5/5
   518 | D:2      | Frozen to death by an endoplasm

Illustrated notes

Levels and vault maps discovered:
D:1:      eino_arrival_water_cross, layout_rooms, serial_shops, shop
D:2:      layout_rooms

Skill      XL: |  1  2  3 |
---------------+----------+-----
Long Blades    | 4 |  4.8
Dodging        | 4 |  4.2
Fighting       | |  3.9
Armour         | |  0.1

Action                     |  1- 3 |  4- 6 || total
---------------------------+-------+-------++-------
  Melee: Falchion          |    55 |    12 ||    67
 Armour: Robe              |    10 |       ||    10
         Ring mail         |       |     5 ||     5
  Dodge: Dodged            |    26 |    10 ||    36
